 Dungeon Crawl Stone Soup version 0.25.0-9-g26727b657a (webtiles) character file.

Game seed: 42511103834131220

583 protoss039 the Magician (level 7, 0/36 HPs)
             Began as a Deep Elf Air Elementalist on June 18, 2020.
             Shot with an arrow by a centaur (4 damage)
             ... on level 5 of the Dungeon.
             The game lasted 00:15:08 (5714 turns).

protoss039 the Magician (Deep Elf Air Elementalist) Turns: 5714, Time: 00:15:08

Health: 0/36       AC:  4    Str:  5    XL:     7   Next: 14%
Magic:  1/20       EV: 13    Int: 22    God:
Gold:   201        SH:  0    Dex: 15    Spells: 11/21 levels left

rFire    . . .     SeeInvis .   b - +0 dagger
rCold    . . .     Gourm    .   (no shield)
rNeg     . . .     Faith    .   a - +0 robe
rPois    .         Spirit   .   e - +1 hat
rElec    .         Reflect  .   (no cloak)
rCorr    .         Harm     .   v - +0 pair of gloves
MR       .....                  (no boots)
Stlth    ++........             (no amulet)
HPRegen  0.12/turn              (no ring)
MPRegen  0.17/turn              (no ring)

@: swift, quick
A: no striking features
a: no special abilities


You were on level 5 of the Dungeon.
You were hungry.

You visited 1 branch of the dungeon, and saw 5 of its levels.

You collected 227 gold pieces.
You spent 26 gold pieces at shops.

Inventory:

Hand Weapons
 b - a +0 dagger (weapon)
Armour
 a - a +0 robe (worn)
 e - a +1 hat (worn)
 v - a +0 pair of gloves (worn)
Jewellery
 y - an uncursed ring of see invisible {unknown}
Wands
 r - a wand of iceblast (12)
Scrolls
 d - a scroll of noise {unknown}
 g - 2 scrolls of immolation {unknown}
 i - a scroll of fog {unknown}
 m - a scroll of identify
 n - 2 scrolls of remove curse {unknown}
 p - a scroll of fear {unknown}
 q - a scroll of amnesia {unknown}
 s - a scroll of magic mapping {unknown}
 z - a scroll of random uselessness {unknown}
Potions
 f - 2 potions of invisibility
 h - a potion of mutation
 j - a potion of heal wounds
 k - a potion of degeneration {unknown}
 o - 2 potions of curing {unknown}
 t - a potion of stabbing {unknown}
 u - 2 potions of flight {unknown}
 w - a potion of might {unknown}
 x - a potion of resistance {unknown}
 A - a potion of berserk rage {unknown}
Comestibles
 c - 13 rations


   Skills:
 + Level 0.3 Fighting
 + Level 0.2 Short Blades
 - Level 2.4 Dodging
 - Level 2.4 Stealth
 * Level 7.7 Spellcasting
 + Level 3.8 Conjurations
 + Level 4.9 Air Magic


You had 11 spell levels left.
You knew the following spells:

 Your Spells              Type           Power        Failure   Level  Hunger
a - Shock                 Conj/Air       ####         1%          1    None
b - Swiftness             Chrm/Air       ###.....     4%          2    None
c - Static Discharge      Conj/Air       ####....     3%          3    None
d - Airstrike             Air            ####......   10%         4    ###....

Your spell library contained the following spells:

 Spells                   Type           Power        Failure   Level  Hunger
 Lightning Bolt           Conj/Air       ####......   34%         5    #####..


Dungeon Overview and Level Annotations

Branches:
Dungeon (5/15)
 Temple: D:4-7

Altars:
Gozag
Okawaru
Qazlal
Uskayaw

Shops:
D:4 ?


Message History

Unknown command.
The centaur shoots an arrow.
The arrow closely misses you.
You see here an arrow.
Unknown command.
Unknown command.
Unknown command.
Casting: Shock (safe; 1% risk of failure)
Confirm with . or Enter, or press ? or * to list all spells.
You feel quick.
The centaur shoots an arrow.
The arrow hits you!
* * * LOW HITPOINT WARNING * * *
A jackal comes into view.
Unknown command.
Unknown command.
Unknown command.
Unknown command.
A scorpion comes into view.
Unknown command.
Unknown command.
The centaur shoots an arrow.
The arrow hits you.
You die...

#...##.............
#.h......##.....
#...(..........
##...((h...#..##
#.......#c..#...#
.......#.###..#...##
......#...##.......###
......#...#..........#
...............h@.#..#
......#.#.#.....#.# #
.....##..#.....#...
##..(........#
.......#..###
.#......(...
##.....s... ..#... ...


You could see a centaur and 2 jackals.

Vanquished Creatures
  An ogre (D:5)
  2 scorpions (D:4)
  2 hounds
  Jessica (D:2)
  Terence (D:3)
  6 worker ants (D:4)
  A worker ant zombie (D:5)
  4 adders
  An adder zombie (D:5)
  2 worms
  3 dart slugs
  2 leopard geckos
  12 orcs
  A ball python (D:3)
  4 giant cockroaches
  7 goblins
  3 hobgoblins
  12 jackals
  2 quokkas
  4 bats
  3 frilled lizards
  5 kobolds
  A leopard gecko skeleton (D:4)
  7 rats
87 creatures vanquished.

Notes
Turn   | Place    | Note
-------+----------+-------------------------------------------
     0 | D:1      | protoss039 the Deep Elf Air Elementalist began the quest
                  | for the Orb.
     0 | D:1      | Reached XP level 1. HP: 10/10 MP: 6/6
   567 | D:1      | Reached XP level 2. HP: 15/15 MP: 3/8
  1157 | D:2      | Noticed Jessica
  1166 | D:2      | Learned a level 2 spell: Swiftness
  1873 | D:2      | Reached skill level 4 in Spellcasting
  1900 | D:2      | Reached XP level 3. HP: 19/19 MP: 6/10
  1905 | D:2      | Learned a level 3 spell: Static Discharge
  2046 | D:2      | Killed Jessica
  2329 | D:2      | Found an iron altar of Okawaru.
  2330 | D:2      | Found a stormy altar of Qazlal.
  2552 | D:3      | Reached XP level 4. HP: 19/24 MP: 9/12
  3075 | D:3      | Reached skill level 5 in Spellcasting
  3107 | D:3      | Noticed Terence
  3121 | D:3      | Killed Terence
  3302 | D:3      | Reached XP level 5. HP: 28/28 MP: 8/14
  3311 | D:3      | Learned a level 4 spell: Airstrike
  4204 | D:4      | Found Iso Jusk's Magic Scroll Boutique.
  4209 | D:4      | Bought a scroll of identify for 26 gold pieces
  4395 | D:4      | Reached skill level 6 in Spellcasting
  4441 | D:4      | Reached XP level 6. HP: 19/32 MP: 9/17
  5164 | D:4      | Reached skill level 7 in Spellcasting
  5352 | D:4      | Found an opulent altar of Gozag.
  5401 | D:4      | Found a hide-covered altar of Uskayaw.
  5622 | D:5      | Entered Level 5 of the Dungeon
  5698 | D:5      | Reached XP level 7. HP: 36/36 MP: 6/20
  5714 | D:5      | Shot with an arrow by a centaur

Illustrated notes

Levels and vault maps discovered:
D:1:      scummos_arrival_hexagon, layout_basic
D:2:      layout_basic, gammafunk_temple_overflow_pools, uniq_jessica
D:3:      layout_basic, wander_ebering_terrifying_dragon_lair, uniq_terence
D:4:      layout_cave_pools, eat_drink_and_be_merry_uskayaw, first_ration,
          serial_shops, shop, nicolae_gozag_cash_rules_everything_around_me
D:5:      layout_cave_pools, uniq_edmund

Skill      XL: |  1  2  3  4  5  6 |
---------------+-------------------+-----
Spellcasting   | 4 5 6 7 |  7.7
Conjurations   | 2 3 |  3.8
Air Magic      | 4 |  4.9
Fighting       | |  0.3
Short Blades   | |  0.2
Dodging        | |  2.4
Stealth        | |  2.4

Action                   |  1- 3 |  4- 6 |  7- 9 || total
-------------------------+-------+-------+-------++-------
Melee: Dagger            |    12 |    12 |       ||    24
 Cast: Shock             |    69 |   109 |     6 ||   184
       Static Discharge  |     1 |    13 |       ||    14
       Airstrike         |       |     4 |     1 ||     5
       Swiftness         |       |     1 |     1 ||     2
  Use: Potion            |     1 |       |       ||     1
       Scroll            |       |     2 |       ||     2
 Stab: Sleeping          |     1 |       |       ||     1
  Eat: Chunk             |     5 |    10 |       ||    15
Armor: Robe              |     7 |     5 |     1 ||    13
Dodge: Dodged            |    27 |    30 |     3 ||    60
